General information
- name: BNet
- type: Ladder team game (AT/RT)
- host: Battle.net
- saver: bLinn
map: UpperKingdom
- players: 6
- length: 141:48
- speed: Fast
- version: 1.21 W3XP
- replay type:

» download(603 KB)
Players
team 1 (loser)

»
NikolaiPANTS (
orange | 23 APM | 3024 actions | 129:53)
7 Death Knight
3 Death Coil
2 Unholy Aura
1 Death Pact
1 Animate Dead
1 Shadow Hunter
1 Big Bad Voodoo
» actions
| Assign group hotkey | 46 | |
| Basic commands | 182 | |
| Build / train | 109 | |
| ESC pressed | 1 | |
| Enter build submenu | 33 | |
| Enter hero's abilities submenu | 9 | |
| Right click | 860 | |
| Select / deselect | 876 | |
| Select group hotkey | 794 | |
| Use ability | 114 | |
3024 total
» units
| Acolyte | 31 | |
| Ghoul | 5 | |
| Crypt Fiend | 9 | |
| Obsidian Statue | 4 | |
| Frost Wyrm | 16 | |
| Peon | 1 | |
| Troll Batrider | 5 | |
71 total
» upgrades
| Creature Attack | 3 | |
| Creature Carapace | 3 | |
| Web | 1 | |
| Freezing Breath | 1 | |
| Destroyer Form | 1 | |
| Burrow | 1 | |
| Liquid Fire | 1 | |
11 total
» buildings
| Ziggurat | 20 | |
| Altar of Darkness | 1 | |
| Graveyard | 1 | |
| Crypt | 2 | |
| Nerubian Tower | 4 | |
| Tomb of Relics | 1 | |
| Halls of the Dead | 2 | |
| Spirit Tower | 10 | |
| Sacrificial Pit | 1 | |
| Slaughterhouse | 1 | |
| Black Citadel | 1 | |
| Boneyard | 2 | |
46 total
» build order
00:09 Ziggurat
00:12 Altar of Darkness
00:31 Graveyard
01:04 Crypt
01:17 Nerubian Tower
01:33 Crypt
02:02 Ziggurat
05:00 Ziggurat
05:26 Tomb of Relics
06:24 Halls of the Dead
07:38 Ziggurat
07:55 Ziggurat
09:54 Nerubian Tower
09:58 Ziggurat
10:49 Halls of the Dead
11:05 Spirit Tower
12:49 Ziggurat
13:29 Sacrificial Pit
13:33 Slaughterhouse
14:58 Black Citadel
16:43 Ziggurat
16:53 Ziggurat
16:56 Ziggurat
17:25 Boneyard
17:44 Spirit Tower
18:24 Spirit Tower
18:56 Spirit Tower
20:51 Ziggurat
22:53 Spirit Tower
23:22 Ziggurat
23:25 Ziggurat
24:17 Nerubian Tower
24:19 Spirit Tower
25:45 Boneyard
66:31 Ziggurat
66:33 Ziggurat
71:45 Ziggurat
71:48 Ziggurat
72:46 Ziggurat
73:25 Ziggurat
73:27 Ziggurat
73:44 Spirit Tower
73:46 Spirit Tower
73:48 Spirit Tower
74:29 Nerubian Tower
75:06 Spirit Tower
» items

»
Old_Kentucky (
pink | 29 APM | 2464 actions | 84:08)
7 Far Seer
3 Far Sight
3 Chain Lighting
1 Earth Quake
5 Shadow Hunter
2 Healing Wave
3 Hex
» actions
| Assign group hotkey | 52 | |
| Basic commands | 326 | |
| Build / train | 95 | |
| Enter build submenu | 20 | |
| Enter hero's abilities submenu | 12 | |
| Remove unit from queue | 1 | |
| Right click | 694 | |
| Select / deselect | 539 | |
| Select group hotkey | 547 | |
| Use ability | 178 | |
2464 total
» units
| Peon | 14 | |
| Grunt | 10 | |
| Wind Rider | 18 | |
| Demolisher | 11 | |
| Raider | 8 | |
61 total
» upgrades
| Melee Weapons | 1 | |
| Spiked Barricades | 2 | |
| Armor | 3 | |
| Ranged Weapons | 3 | |
| Burning Oil | 1 | |
| Envenomed Spears | 1 | |
| Ensnare | 1 | |
| Pillage | 1 | |
13 total
» buildings
| Barracks | 2 | |
| Orc Burrow | 8 | |
| Altar of Storms | 1 | |
| Voodoo Lounge | 1 | |
| War Mill | 1 | |
| Stronghold | 1 | |
| Beastiary | 2 | |
| Great Hall | 2 | |
| Fortress | 1 | |
19 total
» build order
00:03 Barracks
00:06 Orc Burrow
00:31 Altar of Storms
01:20 Orc Burrow
02:32 Voodoo Lounge
03:40 Orc Burrow
04:07 War Mill
05:13 Stronghold
08:13 Beastiary
08:15 Beastiary
08:56 Orc Burrow
09:58 Orc Burrow
10:52 Great Hall
11:58 Orc Burrow
13:17 Barracks
16:28 Orc Burrow
16:45 Fortress
24:21 Orc Burrow
57:31 Great Hall
» items
| Healing Salve | 1 | |
| Lesser Clarity Potion | 1 | |
2 total
pimpnlife2007 (
green | 23 APM | 3327 actions | 141:43)
6 Demon Hunter
2 Mana Burn
3 Evasion
1 Metamorphosis
6 Keeper of the Grove
2 Entangling Roots
3 Thorns Aura
1 Tranquility
1 Death Knight
1 Unholy Aura
» actions
| Assign group hotkey | 36 | |
| Basic commands | 53 | |
| Build / train | 123 | |
| Enter build submenu | 48 | |
| Enter hero's abilities submenu | 15 | |
| Right click | 1105 | |
| Select / deselect | 909 | |
| Select group hotkey | 831 | |
| Use ability | 207 | |
3327 total
» units
| Wisp | 44 | |
| Huntress | 3 | |
| Archer | 2 | |
| Dryad | 2 | |
| Mountain Giant | 9 | |
| Chimaera | 8 | |
| Faerie Dragon | 1 | |
| Hippogryph | 17 | |
| Troll Batrider | 4 | |
| Crypt Fiend | 2 | |
92 total
» upgrades
| Hardened Skin | 1 | |
| Strength of the Wild | 3 | |
| Abolish Magic | 1 | |
| Reinforced Hides | 3 | |
| Resistant Skin | 1 | |
| Corrosive Breath | 1 | |
| Druid of the Claw Training | 1 | |
| Ultravision | 1 | |
| Well Spring | 1 | |
| Nature's Blessing | 1 | |
14 total
» buildings
| Altar of Elders | 1 | |
| Moon Well | 11 | |
| Hunter's Hall | 1 | |
| Ancient of War | 2 | |
| Tree of Ages | 1 | |
| Ancient Protector | 22 | |
| Ancient of Wonders | 1 | |
| Ancient of Lore | 2 | |
| Tree of Life | 3 | |
| Tree of Eternity | 1 | |
| Ancient of Wind | 2 | |
| Chimaera Roost | 2 | |
49 total
» build order
00:08 Altar of Elders
00:16 Moon Well
01:33 Hunter's Hall
01:48 Ancient of War
02:00 Moon Well
02:24 Ancient of War
02:39 Moon Well
04:05 Tree of Ages
05:04 Ancient Protector
05:13 Ancient of Wonders
06:24 Moon Well
06:35 Ancient of Lore
06:57 Tree of Life
07:48 Moon Well
07:50 Tree of Eternity
10:59 Tree of Life
12:57 Ancient of Wind
14:00 Moon Well
15:04 Moon Well
15:48 Chimaera Roost
15:52 Chimaera Roost
15:58 Moon Well
16:08 Ancient of Lore
17:04 Ancient Protector
17:10 Ancient Protector
17:12 Ancient Protector
17:17 Ancient Protector
17:21 Ancient Protector
17:26 Ancient Protector
23:00 Ancient Protector
23:05 Ancient Protector
23:10 Ancient Protector
23:26 Ancient Protector
25:11 Ancient Protector
25:17 Ancient Protector
25:26 Ancient Protector
25:29 Ancient Protector
31:10 Ancient Protector
31:14 Ancient Protector
31:17 Ancient Protector
31:20 Ancient Protector
31:26 Ancient Protector
32:27 Ancient Protector
32:31 Ancient Protector
40:04 Tree of Life
106:03 Ancient of Wind
108:17 Moon Well
109:14 Moon Well
110:15 Moon Well
team 2 (winner)
BEAR_AND (
teal | 56 APM | 7876 actions | 141:44)
9 Warden
3 Shadow Strike
3 Blink
3 Fan of Knives
» actions
| Assign group hotkey | 13 | |
| Basic commands | 31 | |
| Build / train | 128 | |
| Enter build submenu | 23 | |
| Enter hero's abilities submenu | 10 | |
| Give item / drop item | 22 | |
| Right click | 4961 | |
| Select / deselect | 999 | |
| Select group hotkey | 1131 | |
| Use ability | 523 | |
7876 total
» units
| Wisp | 40 | |
| Chimaera | 3 | |
| Glaive Thrower | 1 | |
| Druid of the Claw | 1 | |
| Mountain Giant | 1 | |
| Druid of the Talon | 19 | |
| Hippogryph | 9 | |
74 total
» upgrades
| Nature's Blessing | 1 | |
| Ultravision | 1 | |
| Strength of the Wild | 3 | |
| Reinforced Hides | 3 | |
| Backpack | 1 | |
| Well Spring | 1 | |
| Corrosive Breath | 1 | |
| Vorpal Blades | 1 | |
| Druid of the Talon Training | 2 | |
| Druid of the Claw Training | 2 | |
| Mark of the Claw | 1 | |
| Hardened Skin | 1 | |
| Resistant Skin | 1 | |
| Mark of the Talon | 1 | |
20 total
» buildings
| Altar of Elders | 1 | |
| Moon Well | 14 | |
| Tree of Ages | 1 | |
| Hunter's Hall | 1 | |
| Ancient of Wonders | 1 | |
| Ancient of Wind | 2 | |
| Tree of Life | 2 | |
| Tree of Eternity | 1 | |
| Chimaera Roost | 1 | |
| Ancient of War | 1 | |
| Ancient of Lore | 1 | |
26 total
» build order
00:08 Altar of Elders
00:17 Moon Well
01:31 Moon Well
05:41 Tree of Ages
06:19 Hunter's Hall
08:08 Moon Well
08:10 Moon Well
08:26 Ancient of Wonders
08:38 Ancient of Wind
09:32 Tree of Life
09:40 Tree of Eternity
15:37 Chimaera Roost
20:32 Moon Well
20:49 Moon Well
21:28 Moon Well
21:29 Moon Well
21:35 Tree of Life
22:28 Moon Well
27:49 Ancient of Wind
42:04 Ancient of War
50:40 Ancient of Lore
57:37 Moon Well
57:38 Moon Well
57:39 Moon Well
57:40 Moon Well
58:59 Moon Well
» items
| Healing Salve | 1 | |
| Lesser Clarity Potion | 3 | |
| Orb of Venom | 1 | |
| Staff of Preservation | 1 | |
| Dust of Appearance | 1 | |
| Tiny Great Hall | 3 | |
| Staff of Sanctuary | 1 | |
| Scroll of Town Portal | 8 | |
| Anti-magic Potion | 1 | |
20 total
bLinn (
yellow | 54 APM | 7692 actions | 141:48)
10 Blademaster
3 Wind Walk
3 Critical Strike
1 Bladestorm
3 Mirror Image
» actions
| Assign group hotkey | 634 | |
| Basic commands | 82 | |
| Build / train | 134 | |
| ESC pressed | 11 | |
| Enter build submenu | 163 | |
| Enter hero's abilities submenu | 11 | |
| Give item / drop item | 8 | |
| Remove unit from queue | 25 | |
| Right click | 3907 | |
| Select / deselect | 1287 | |
| Select group hotkey | 789 | |
| Use ability | 636 | |
7692 total
» units
| Peon | 22 | |
| Troll Batrider | 20 | |
| Wind Rider | -13 | |
| Kodo Beast | 1 | |
| Shaman | 2 | |
| Troll Witch Doctor | 1 | |
33 total
» upgrades
| Spiked Barricades | 3 | |
| Liquid Fire | 1 | |
| Reinforced Defenses | 1 | |
| Armor | 3 | |
| Ranged Weapons | 3 | |
| Envenomed Spears | 1 | |
| War Drums Damage Increase | 1 | |
| Shaman Training | 3 | |
| Witch Doctor Training | 2 | |
18 total
» buildings
| Altar of Storms | 3 | |
| Orc Burrow | 17 | |
| War Mill | 2 | |
| Watch Tower | 121 | |
| Voodoo Lounge | 6 | |
| Stronghold | 6 | |
| Beastiary | 4 | |
| Fortress | 4 | |
| Great Hall | 3 | |
| Spirit Lodge | 3 | |
169 total
» build order
00:02 Altar of Storms
00:11 Orc Burrow
00:19 War Mill
01:38 Watch Tower
01:48 Watch Tower
02:22 Watch Tower
02:33 Watch Tower
03:05 Watch Tower
03:07 Watch Tower
03:30 Watch Tower
03:38 Watch Tower
03:42 Orc Burrow
04:09 Watch Tower
04:20 Watch Tower
04:26 Voodoo Lounge
04:38 Watch Tower
05:03 Watch Tower
05:18 Watch Tower
05:26 Watch Tower
05:45 Watch Tower
05:47 Watch Tower
05:52 Stronghold
05:52 Stronghold
05:52 Stronghold
06:12 Watch Tower
06:28 Watch Tower
06:30 Watch Tower
07:23 Watch Tower
07:35 Watch Tower
07:37 Watch Tower
07:45 Watch Tower
07:53 Orc Burrow
08:00 Watch Tower
08:32 Beastiary
08:34 Beastiary
08:43 Watch Tower
08:55 Watch Tower
08:56 Watch Tower
09:31 Watch Tower
09:50 Watch Tower
09:51 Watch Tower
09:55 Watch Tower
09:56 Watch Tower
10:11 Watch Tower
10:12 Watch Tower
10:42 Watch Tower
10:42 Watch Tower
11:00 Watch Tower
11:01 Watch Tower
11:10 Fortress
11:10 Fortress
11:36 Watch Tower
11:40 Watch Tower
12:02 Watch Tower
13:17 Watch Tower
13:24 Watch Tower
13:26 Watch Tower
13:37 Watch Tower
13:38 Watch Tower
13:41 Watch Tower
13:45 Watch Tower
13:45 Watch Tower
13:47 Watch Tower
13:48 Watch Tower
15:44 Watch Tower
15:47 Watch Tower
15:55 Watch Tower
15:55 Watch Tower
15:59 Orc Burrow
16:33 Watch Tower
16:40 Great Hall
16:44 Watch Tower
16:44 Watch Tower
16:50 Watch Tower
17:11 Watch Tower
17:12 Watch Tower
17:40 Watch Tower
18:39 Watch Tower
18:40 Watch Tower
19:47 Watch Tower
19:47 Watch Tower
19:53 Watch Tower
22:09 Watch Tower
22:10 Watch Tower
24:28 Watch Tower
24:29 Watch Tower
26:12 Watch Tower
26:13 Watch Tower
26:13 Watch Tower
26:14 Watch Tower
27:04 Watch Tower
27:41 Watch Tower
27:42 Watch Tower
27:42 Watch Tower
27:43 Watch Tower
27:44 Watch Tower
27:45 Watch Tower
27:45 Watch Tower
27:46 Watch Tower
28:28 Watch Tower
29:35 Beastiary
29:36 Beastiary
29:55 Watch Tower
30:01 Watch Tower
30:02 Watch Tower
30:03 Watch Tower
30:03 Watch Tower
30:04 Watch Tower
30:05 Watch Tower
31:50 Watch Tower
32:46 Watch Tower
32:47 Watch Tower
32:48 Watch Tower
36:33 Watch Tower
36:34 Watch Tower
36:35 Watch Tower
36:36 Watch Tower
36:46 Watch Tower
36:50 Watch Tower
36:51 Watch Tower
37:19 Voodoo Lounge
43:42 Orc Burrow
43:43 Orc Burrow
43:44 Orc Burrow
43:45 Orc Burrow
50:20 Spirit Lodge
54:55 Spirit Lodge
55:52 Great Hall
58:45 Stronghold
58:45 Stronghold
58:45 Stronghold
59:13 War Mill
60:31 Watch Tower
60:31 Watch Tower
60:39 Watch Tower
61:12 Spirit Lodge
61:43 Watch Tower
61:44 Watch Tower
61:45 Watch Tower
61:53 Altar of Storms
62:35 Watch Tower
62:36 Watch Tower
62:59 Fortress
64:50 Watch Tower
65:24 Voodoo Lounge
65:35 Voodoo Lounge
65:45 Watch Tower
65:48 Watch Tower
71:42 Watch Tower
71:44 Watch Tower
71:46 Watch Tower
71:47 Watch Tower
72:02 Watch Tower
72:06 Watch Tower
72:08 Watch Tower
73:21 Orc Burrow
73:23 Orc Burrow
73:25 Orc Burrow
73:26 Orc Burrow
73:26 Orc Burrow
73:27 Orc Burrow
74:16 Orc Burrow
75:39 Voodoo Lounge
75:49 Orc Burrow
75:51 Orc Burrow
75:53 Voodoo Lounge
140:53 Great Hall
140:55 Altar of Storms
» items
| Healing Salve | 3 | |
| Lesser Clarity Potion | 3 | |
| Scroll of Speed | 1 | |
| Potion of Healing | 2 | |
| Scroll of Town Portal | 5 | |
| Orb of Lightning | 3 | |
| Scroll of Regeneration | 1 | |
18 total
DIRTMCWORDUP (
red | 44 APM | 6284 actions | 141:44)
5 Archmage
2 Blizzard
2 Brilliance Aura
1 Summon Water Elemental
5 Beastmaster
2 Summon Quilbeast
3 Summon Hawk
4 Pit Lord
2 Howl of Terror
2 Rain of Fire
» actions
| Assign group hotkey | 35 | |
| Basic commands | 159 | |
| Build / train | 246 | |
| ESC pressed | 30 | |
| Enter build submenu | 186 | |
| Enter hero's abilities submenu | 17 | |
| Give item / drop item | 6 | |
| Right click | 3276 | |
| Select / deselect | 904 | |
| Select group hotkey | 832 | |
| Use ability | 593 | |
6284 total
» units
| Peasant | 18 | |
| Dragonhawk Rider | 14 | |
| Flying Machine | 27 | |
| Siege Engine | 19 | |
| Sorceress | 1 | |
| Priest | 3 | |
| Mortar Team | 1 | |
83 total
» upgrades
| Masonry | 3 | |
| Magic Sentry | 1 | |
| Armor | 3 | |
| Cloud | 1 | |
| Swords | 3 | |
| Gunpowder | 3 | |
| Plating | 3 | |
| Flak Cannons | 1 | |
| Barrage | 1 | |
| Sorceress Training | 2 | |
| Priest Training | 2 | |
| Animal War Training | 1 | |
| Backpack | 1 | |
| Long Rifles | 1 | |
| Defend | 1 | |
| Fragmentation Shards | 1 | |
| Flare | 1 | |
| Flying Machine Bombs | 1 | |
| Storm Hammers | 1 | |
| Control Magic | 1 | |
| Lumber Harvesting | 1 | |
33 total
» buildings
| Altar of Kings | 1 | |
| Lumber Mill | 2 | |
| Farm | 18 | |
| Scout Tower | 236 | |
| Arcane Tower | 9 | |
| Guard Tower | 85 | |
| Town Hall | 2 | |
| Keep | 1 | |
| Arcane Vault | 1 | |
| Arcane Sanctum | 1 | |
| Castle | 1 | |
| Blacksmith | 1 | |
| Gryphon Aviary | 1 | |
| Workshop | 1 | |
| Barracks | 1 | |
| Cannon Tower | 1 | |
362 total
» build order
00:09 Altar of Kings
00:12 Lumber Mill
00:16 Farm
00:53 Scout Tower
01:21 Arcane Tower
01:23 Scout Tower
01:29 Scout Tower
01:38 Scout Tower
01:54 Farm
02:00 Arcane Tower
02:01 Scout Tower
02:06 Scout Tower
02:08 Guard Tower
02:09 Scout Tower
02:29 Guard Tower
02:30 Scout Tower
03:09 Guard Tower
03:10 Scout Tower
03:11 Scout Tower
03:14 Scout Tower
03:15 Scout Tower
03:16 Guard Tower
03:20 Scout Tower
03:23 Guard Tower
03:31 Scout Tower
03:39 Guard Tower
03:40 Arcane Tower
03:46 Scout Tower
03:49 Scout Tower
03:52 Guard Tower
03:55 Scout Tower
04:07 Guard Tower
04:09 Guard Tower
04:10 Scout Tower
04:12 Scout Tower
04:18 Guard Tower
04:22 Scout Tower
04:23 Scout Tower
04:28 Guard Tower
04:30 Scout Tower
04:41 Guard Tower
04:51 Scout Tower
04:52 Scout Tower
04:53 Guard Tower
04:56 Scout Tower
05:12 Guard Tower
05:14 Scout Tower
05:15 Scout Tower
05:33 Guard Tower
05:36 Scout Tower
05:46 Guard Tower
05:57 Scout Tower
05:58 Scout Tower
06:08 Scout Tower
06:09 Scout Tower
06:15 Town Hall
06:23 Scout Tower
06:24 Scout Tower
06:27 Guard Tower
07:32 Guard Tower
07:38 Scout Tower
07:39 Scout Tower
07:40 Scout Tower
07:41 Scout Tower
07:45 Keep
07:47 Arcane Vault
07:50 Guard Tower
07:52 Scout Tower
07:53 Scout Tower
08:16 Guard Tower
08:32 Guard Tower
08:34 Guard Tower
08:35 Scout Tower
08:38 Scout Tower
08:38 Scout Tower
08:45 Guard Tower
08:48 Scout Tower
08:52 Guard Tower
08:52 Guard Tower
08:52 Guard Tower
08:56 Guard Tower
08:57 Scout Tower
08:58 Scout Tower
08:58 Scout Tower
09:29 Guard Tower
09:31 Scout Tower
09:34 Scout Tower
09:37 Scout Tower
09:41 Scout Tower
09:42 Scout Tower
09:42 Scout Tower
09:43 Scout Tower
09:43 Scout Tower
09:44 Scout Tower
09:44 Scout Tower
09:45 Scout Tower
09:46 Scout Tower
09:46 Scout Tower
09:47 Scout Tower
09:48 Scout Tower
10:11 Guard Tower
10:16 Scout Tower
10:16 Scout Tower
10:26 Arcane Tower
10:28 Guard Tower
10:31 Guard Tower
10:35 Scout Tower
10:36 Scout Tower
10:58 Guard Tower
11:00 Scout Tower
11:00 Scout Tower
11:04 Scout Tower
11:04 Scout Tower
11:08 Arcane Sanctum
11:16 Castle
11:18 Blacksmith
11:23 Gryphon Aviary
11:34 Guard Tower
11:36 Guard Tower
11:38 Scout Tower
11:39 Scout Tower
11:50 Scout Tower
11:51 Scout Tower
11:52 Scout Tower
11:54 Scout Tower
11:55 Scout Tower
11:56 Scout Tower
12:12 Scout Tower
12:14 Scout Tower
12:26 Guard Tower
12:36 Scout Tower
12:37 Scout Tower
12:38 Scout Tower
12:38 Scout Tower
12:42 Scout Tower
12:43 Scout Tower
12:44 Scout Tower
12:45 Scout Tower
12:48 Scout Tower
12:49 Scout Tower
12:50 Scout Tower
12:55 Scout Tower
12:57 Scout Tower
12:58 Scout Tower
12:59 Scout Tower
12:59 Scout Tower
13:07 Guard Tower
13:13 Arcane Tower
13:14 Scout Tower
13:15 Scout Tower
13:16 Scout Tower
13:21 Guard Tower
13:26 Guard Tower
13:37 Guard Tower
13:41 Guard Tower
13:46 Scout Tower
13:47 Scout Tower
13:48 Scout Tower
13:48 Scout Tower
13:49 Scout Tower
13:57 Scout Tower
13:58 Scout Tower
14:25 Arcane Tower
14:26 Guard Tower
15:04 Guard Tower
15:07 Scout Tower
15:07 Scout Tower
15:08 Scout Tower
15:09 Scout Tower
15:34 Guard Tower
15:36 Guard Tower
15:39 Scout Tower
15:41 Scout Tower
15:41 Scout Tower
15:42 Scout Tower
15:53 Arcane Tower
15:55 Guard Tower
16:03 Guard Tower
16:15 Guard Tower
16:16 Scout Tower
16:18 Scout Tower
16:26 Guard Tower
16:31 Workshop
16:34 Farm
16:36 Farm
16:36 Farm
16:39 Farm
16:40 Farm
16:42 Farm
16:43 Farm
16:44 Farm
16:55 Guard Tower
16:56 Scout Tower
17:04 Guard Tower
17:08 Scout Tower
17:08 Scout Tower
17:40 Guard Tower
17:41 Scout Tower
17:42 Scout Tower
17:51 Guard Tower
18:07 Guard Tower
18:09 Scout Tower
18:20 Farm
18:21 Farm
18:21 Farm
18:22 Farm
18:22 Farm
18:25 Farm
18:26 Farm
18:44 Guard Tower
18:46 Scout Tower
18:51 Guard Tower
18:54 Scout Tower
18:55 Scout Tower
19:05 Scout Tower
19:06 Scout Tower
19:07 Scout Tower
19:08 Scout Tower
19:48 Guard Tower
19:55 Guard Tower
21:18 Scout Tower
21:18 Scout Tower
21:19 Scout Tower
21:19 Scout Tower
21:19 Scout Tower
21:23 Scout Tower
21:24 Scout Tower
21:25 Scout Tower
21:26 Scout Tower
21:27 Scout Tower
21:28 Scout Tower
21:30 Scout Tower
21:30 Scout Tower
21:31 Arcane Tower
23:02 Farm
23:40 Guard Tower
24:04 Scout Tower
24:05 Scout Tower
24:07 Scout Tower
24:07 Scout Tower
24:16 Barracks
24:27 Guard Tower
25:02 Guard Tower
26:46 Cannon Tower
26:50 Scout Tower
26:51 Scout Tower
27:47 Guard Tower
29:30 Scout Tower
29:31 Scout Tower
29:33 Scout Tower
29:34 Scout Tower
30:21 Guard Tower
30:27 Guard Tower
30:28 Scout Tower
30:30 Scout Tower
31:00 Guard Tower
31:17 Scout Tower
31:18 Scout Tower
31:20 Scout Tower
31:23 Scout Tower
31:26 Scout Tower
31:32 Scout Tower
31:56 Guard Tower
32:20 Guard Tower
32:23 Scout Tower
32:26 Scout Tower
32:34 Scout Tower
32:35 Scout Tower
32:35 Scout Tower
32:36 Scout Tower
32:37 Scout Tower
32:38 Scout Tower
32:38 Scout Tower
32:39 Scout Tower
32:41 Scout Tower
32:41 Scout Tower
32:42 Scout Tower
32:42 Scout Tower
32:44 Scout Tower
32:45 Scout Tower
32:46 Scout Tower
32:46 Scout Tower
32:47 Scout Tower
32:47 Scout Tower
32:48 Scout Tower
32:49 Scout Tower
32:57 Guard Tower
33:51 Scout Tower
33:51 Scout Tower
34:19 Guard Tower
34:33 Guard Tower
34:35 Scout Tower
34:36 Scout Tower
34:37 Scout Tower
34:39 Scout Tower
34:40 Scout Tower
34:41 Scout Tower
34:41 Scout Tower
34:45 Scout Tower
34:46 Scout Tower
34:46 Scout Tower
34:47 Scout Tower
34:48 Scout Tower
34:48 Scout Tower
34:49 Scout Tower
34:50 Scout Tower
35:15 Guard Tower
36:01 Guard Tower
36:03 Guard Tower
37:37 Guard Tower
37:45 Scout Tower
37:45 Scout Tower
37:58 Guard Tower
38:02 Guard Tower
54:44 Scout Tower
54:45 Scout Tower
54:47 Scout Tower
54:48 Scout Tower
54:49 Scout Tower
54:50 Scout Tower
54:51 Scout Tower
54:55 Scout Tower
54:56 Scout Tower
54:57 Scout Tower
54:58 Scout Tower
55:00 Scout Tower
55:01 Scout Tower
55:01 Scout Tower
55:03 Scout Tower
56:13 Guard Tower
57:07 Guard Tower
57:11 Scout Tower
57:12 Scout Tower
58:09 Guard Tower
58:29 Scout Tower
58:39 Scout Tower
59:20 Guard Tower
59:23 Scout Tower
59:28 Scout Tower
59:58 Guard Tower
61:09 Scout Tower
61:12 Scout Tower
61:39 Scout Tower
61:41 Scout Tower
61:42 Scout Tower
61:44 Guard Tower
62:18 Scout Tower
62:20 Scout Tower
62:21 Scout Tower
62:43 Lumber Mill
63:01 Scout Tower
64:13 Guard Tower
64:42 Scout Tower
64:43 Scout Tower
65:47 Arcane Tower
67:01 Scout Tower
69:13 Guard Tower
108:31 Scout Tower
122:26 Scout Tower
126:23 Guard Tower
141:03 Town Hall
» items
| Healing Salve | 1 | |
| Potion of Healing | 5 | |
| Lesser Clarity Potion | 3 | |
| Staff of Sanctuary | 2 | |
| Orb of Lightning | 3 | |
14 total
Chat log
(00:05 / All) DIRTMCWORDUP: hallo
(00:13 / All) Old_Kentucky: howdy
(34:15 / All) DIRTMCWORDUP: gg
(34:25 / All) NikolaiPANTS: you all have no honour
(37:28 / Allies) BEAR_AND: stearies
(37:30 / All) BEAR_AND: u guys
(37:39 / All) BEAR_AND: if u paypal me $3 we all quit
(37:42 / All) BEAR_AND: $1 for each of us to quit
(37:45 / All) BEAR_AND: kerr.tyler@gmail.com
(37:59 / All) pimpnlife2007: you can pay us to leave
(38:06 / All) bLinn: but we have already won? not necessary LOL
(38:06 / All) BEAR_AND: nah we got this
(38:09 / All) DIRTMCWORDUP: nah i quite like long games
(38:14 / All) pimpnlife2007: as do we
(38:19 / All) BEAR_AND: really
(38:24 / All) BEAR_AND: what is your longest game.
(38:25 / All) pimpnlife2007: yes more exp
(38:28 / All) Old_Kentucky: maybe I should take your email and sign it up for as much spam as I can find?
(38:33 / All) pimpnlife2007: 8 and half hours
(38:36 / All) NikolaiPANTS: this isn't the first time 3 douches have towered on a 3v3 against us
(38:37 / All) bLinn: that's childs play
(38:38 / All) BEAR_AND: really.
(38:41 / All) BEAR_AND: 8.5 nothing
(38:42 / All) bLinn: 8.5 hours is a joke
(38:42 / All) BEAR_AND: try 21
(38:43 / All) DIRTMCWORDUP: gmail has an awesome filter for spam sorry nerd
(38:47 / All) bLinn: TWENTY ONE HOURS
(38:54 / All) NikolaiPANTS: that is very, very sad
(39:02 / All) BEAR_AND: where is the defining line
(39:04 / All) NikolaiPANTS: i'm seriously fighting back tears on that one
(39:07 / All) BEAR_AND: between a long game you like
(39:10 / All) BEAR_AND: and a sad long game
(39:12 / All) BEAR_AND: 11.75?
(39:14 / All) bLinn: more like fighting back a dick from going in ur mouth but really you want it
(39:21 / All) NikolaiPANTS: i think 21 hours definitely crosses the line
(39:55 / All) Old_Kentucky: that's like a whole day of your life there, spent on one tedious ass game
(40:04 / All) bLinn: if it's so tedious, leave?
(40:23 / All) pimpnlife2007: your mom was tedious but there you are
(40:24 / All) NikolaiPANTS: psychological...tactics...so...so good...must...resist...
(46:55 / Allies) BEAR_AND: young blinn tells me "can i get some gold please"
(47:02 / Allies) BEAR_AND: that like asking a jew for bagel w/. cream cheese
(48:32 / All) DIRTMCWORDUP: WOW!!!
(48:35 / All) BEAR_AND: are you finished already
(48:52 / All) bLinn: a drop at this point would be disastrous, so place my dick straight down ur aesophagus
(49:13 / All) NikolaiPANTS: i cannot comprehend that sentence beyond "dick" and "esophagus"
(49:53 / All) BEAR_AND: check this post; enjoyed by most: "we matched some noobs on upper kingdom, towered up and proceed to blinn them"
(50:13 / All) NikolaiPANTS: wait, are you posting on message boards?
(50:26 / All) Old_Kentucky: how bizzare
(50:48 / All) NikolaiPANTS: dear gods...you are a huge nerd
(51:14 / All) Old_Kentucky: yes, the usage of the word 'ownage' is never a good sign
(51:25 / All) BEAR_AND: yes, losing to towers is never a good sign
(51:31 / All) bLinn: LOFLO FUCKEN WOWNWd
(51:44 / All) Old_Kentucky: well then, will you hurry up and kill us?
(51:50 / All) NikolaiPANTS: i'm pretty sure towering itself is a pretty telling sign
(51:53 / All) DIRTMCWORDUP: nope u leave on ur own
(51:53 / All) bLinn: i thought you liked long games?
(51:56 / All) bLinn: DID U LIE?
(51:57 / All) DIRTMCWORDUP: this is a social experiment
(52:01 / All) bLinn: killing you would be too easy
(52:03 / All) BEAR_AND: "kill us please" screams noobie pink, nah i'll just hang out and Blink
(52:03 / All) Old_Kentucky: awesome
(52:05 / All) bLinn: you have no other choice but to lose
(52:12 / All) bLinn: but if you leave of your own volition
(52:14 / All) NikolaiPANTS: are you...are you rhyming?
(52:15 / All) bLinn: then you are crushed
(52:15 / All) DIRTMCWORDUP: is for my class "sociology 210"
(52:17 / All) NikolaiPANTS: on the internet?
(52:17 / All) bLinn: destroyed, morally
(52:20 / All) Old_Kentucky: it's like in my japanese animes!
(52:23 / All) bLinn: in every possible sense
(52:31 / All) DIRTMCWORDUP: to see if people are willing to "kill" themselves just to save time....
(52:35 / All) DIRTMCWORDUP: most peopel are too proud
(52:42 / All) bLinn: too foolish
(52:46 / All) DIRTMCWORDUP: heres a quote i want u to think about, dwell on this
(52:54 / All) DIRTMCWORDUP: "once u have lost everything then u are truely free"
(55:59 / All) DIRTMCWORDUP: DROP!!!!!1
(55:59 / All) BEAR_AND: stop
(56:01 / All) BEAR_AND: roll
(57:30 / All) NikolaiPANTS: my my, isn't this embarrassing
(57:36 / All) DIRTMCWORDUP: stfy
(57:38 / All) DIRTMCWORDUP: stfu
(57:41 / All) bLinn: hahahaha
(57:43 / All) bLinn: hahaha
(57:48 / All) bLinn: by the end of the day u will eat ur words
(57:49 / All) bLinn: when we win
(57:49 / All) bLinn: we will
(58:09 / All) Old_Kentucky: you should get on that
(58:10 / All) NikolaiPANTS: i'ma call you ross
(58:15 / All) bLinn: stop lagging please
(58:17 / All) BEAR_AND: watch it
(58:25 / All) Old_Kentucky: nope, this lag is just for you guys
(58:32 / All) bLinn: very bad manner to lag
(58:35 / All) bLinn: in a serious game
(59:12 / All) DIRTMCWORDUP: HOLY SHIT
(59:28 / All) Old_Kentucky: holy shit indeed
(60:22 / All) Old_Kentucky: that's cute
(69:23 / All) bLinn: u guys just turn on maphack?
(69:32 / All) NikolaiPANTS: ah, yes, the claims of cheating
(69:35 / All) Old_Kentucky: oh yes, we're big hackers
(69:36 / All) NikolaiPANTS: they always come
(69:45 / All) BEAR_AND: do you seriously consider victory even possible
(69:49 / All) bLinn: doesn't matter anyway, we beat hackers all the time
(69:50 / All) DIRTMCWORDUP: tree of eternity does more damage attacks faster has more hp and more armor what u trying 2 do
(69:52 / All) Old_Kentucky: probably, even
(69:53 / All) bLinn: just another one y'know?
(70:21 / All) BEAR_AND: fight fair please
(70:25 / All) DIRTMCWORDUP: pussy shiot
(70:30 / All) bLinn: another example of dirty cheating
(70:33 / All) bLinn: by the dirty cheaters
(70:41 / All) NikolaiPANTS: like clockwork
(70:41 / All) BEAR_AND: tree can't even hit chimearea
(70:49 / All) Old_Kentucky: you guys are a riot, you know that?
(71:50 / All) Old_Kentucky: i am curious, as to how you got all that shit up there
(72:01 / All) BEAR_AND: here. they are the claim of Cheat
(72:04 / All) DIRTMCWORDUP: zeppelin hack
(72:22 / All) Old_Kentucky: no, in all seriousness guys
(73:01 / All) BEAR_AND: Lol & Lmao
(73:12 / All) NikolaiPANTS: oh really?
(77:49 / All) BEAR_AND: GrREETZ
(77:55 / All) bLinn: meats & greets
(78:05 / All) BEAR_AND: peace &grease (& love)
(78:07 / All) bLinn: Welcome to (6) Upper Kingdom.w3x
(78:24 / All) Old_Kentucky: you really should have put that at the beginning
(78:25 / All) BEAR_AND: all ownage replays available @ http://highper.ch/
(79:54 / All) bLinn: 1 sec lemme take a sip of ur moonjuice *sip* aah, yum
(80:53 / All) BEAR_AND: was life actually Pimpn in 2007
(80:57 / All) BEAR_AND: was your year that ideal
(81:00 / All) bLinn: before my time really
(82:51 / All) BEAR_AND: Leavf
(83:02 / All) Old_Kentucky: oh, but it's just now heating up
(83:24 / All) Old_Kentucky: how about you pay us each one dollar, and we'll leave
(83:45 / Allies) bLinn: manny
(83:47 / Allies) bLinn: takin a chill
(83:55 / Allies) BEAR_AND: these guys' dignities
(83:57 / Allies) BEAR_AND: takin a spill
(84:08 / All) bLinn: NOT AS MUCH FUN WHEN YOU LOSE EASILY
(84:12 / All) BEAR_AND: peace?
(84:15 / All) DIRTMCWORDUP: hahahahahahaaha all bitches gonna follow
(84:16 / All) BEAR_AND: truce?
(84:18 / All) bLinn: 1 bitch down
(84:19 / All) DIRTMCWORDUP: fucking laugh so hard right now me
(84:19 / All) bLinn: 2 to go
(84:36 / All) bLinn: fuck... our last base
(86:10 / All) bLinn: fuck.. we've been discovered
(86:17 / All) NikolaiPANTS: and what do you plan to do with all that anti-air?
(86:24 / All) BEAR_AND: anti air
(86:51 / All) BEAR_AND: let the games begin
(86:52 / All) BEAR_AND: gl hf
(89:01 / All) DIRTMCWORDUP: how many dicks can yon suck
(89:08 / All) DIRTMCWORDUP: 1????????
(89:10 / All) DIRTMCWORDUP: 2????????????
(89:12 / All) DIRTMCWORDUP: 3??????????????????????
(89:22 / All) bLinn: it's like the price is right.. who can guess closest without going over
(89:25 / All) bLinn: so i guess 1000
(89:34 / All) DIRTMCWORDUP: 1001
(90:02 / All) NikolaiPANTS: is this what you do every single time?
(90:11 / All) DIRTMCWORDUP: can i say yes
(90:14 / All) BEAR_AND: please visit our Website Http://Highper.ch
(90:25 / All) bLinn: Http://www.HighPerch.Ch
(90:39 / All) DIRTMCWORDUP: http://420per.ch
(90:48 / All) bLinn: HtTp://WwW.HiGhPeRcH.Ch
(96:07 / Allies) DIRTMCWORDUP: | | | |\
(96:13 / All) BEAR_AND: -IIII-
(96:32 / Allies) DIRTMCWORDUP: -_
(97:54 / All) DIRTMCWORDUP: STOP
(97:55 / All) DIRTMCWORDUP: HALT
(97:58 / All) DIRTMCWORDUP: NEIN
(98:05 / All) BEAR_AND: you are under ARREST!!!!!!!!!
(98:43 / Allies) DIRTMCWORDUP: brackets [] {} or parenthesis ()
(99:36 / Allies) bLinn: per say
(99:42 / Allies) BEAR_AND: purse ate
(99:54 / Allies) DIRTMCWORDUP: i got 50 dollars per say
(100:05 / Allies) bLinn: per se
(100:12 / Allies) BEAR_AND: purse
(100:29 / Allies) DIRTMCWORDUP: pursAAAAAAAAAAAAAAAAAAAAAAAAY GIRLLLL
(101:06 / All) BEAR_AND: with nothing to do noobs mash far sight, pressing F all through the night
(102:20 / Allies) DIRTMCWORDUP: Ö
(102:23 / Allies) DIRTMCWORDUP: æ
(102:26 / Allies) DIRTMCWORDUP: £
(102:27 / All) bLinn: ƒaggot
(102:39 / Allies) DIRTMCWORDUP: é
(102:42 / Allies) DIRTMCWORDUP: lolé
(102:52 / All) BEAR_AND: olê
(102:58 / Allies) DIRTMCWORDUP: +
(102:59 / Allies) DIRTMCWORDUP: §
(103:01 / Allies) DIRTMCWORDUP: ¦
(103:02 / Allies) DIRTMCWORDUP: ?
(103:04 / Allies) DIRTMCWORDUP: æ
(103:07 / Allies) DIRTMCWORDUP: ƒ
(103:08 / Allies) BEAR_AND: ƒƒ
(103:10 / Allies) DIRTMCWORDUP: £
(103:18 / Allies) DIRTMCWORDUP: £@@K NOOB
(103:20 / Allies) bLinn: Shane Rutherƒoord-Jones
(103:38 / Allies) bLinn: Ernest Rutherford
(104:56 / All) BEAR_AND: you don't know shit about towers
(105:01 / All) BEAR_AND: i feel sry for u
(105:05 / All) bLinn: BAD GAME NOOB STFU NOOB
(105:10 / All) DIRTMCWORDUP: here a magic trick
(105:12 / All) DIRTMCWORDUP: *poog*&
(106:22 / All) bLinn: that peon was hiding under the spider tent
(106:54 / All) DIRTMCWORDUP: flee fowl creaturee
(110:16 / All) DIRTMCWORDUP: ure living on burrowed time
(110:33 / Allies) BEAR_AND: <----------------- my joke
(110:54 / All) bLinn: see u bitches in a stade
(111:00 / All) DIRTMCWORDUP: L@L
(113:15 / All) bLinn: Robert "Rubidium" Hutchinson
(113:42 / All) bLinn: George "Danger" James
(113:59 / All) bLinn: Isaac "Micro" Simpson
(117:16 / All) DIRTMCWORDUP: hallo
(117:21 / All) bLinn: hullo
(118:05 / All) BEAR_AND: LoooOOOOOOOOOOOOaugh
(118:17 / All) bLinn: (WARAU
(118:56 / Allies) bLinn: (w
(119:24 / Allies) BEAR_AND: Japanese verb conjugation - to laugh (waru, waraimasu)
(120:30 / All) BEAR_AND: bad game NOOB
(122:30 / All) BEAR_AND: suck a dog dick BITCH
(122:34 / All) BEAR_AND: ooooooh. ouch
(123:11 / All) BEAR_AND: keep on poppen that reveal, & we'll keep on your time steal
(123:23 / All) NikolaiPANTS: i can't believe you rhyme
(123:28 / All) NikolaiPANTS: do you think that's cool?
(123:33 / All) bLinn: yes we do & you're a fool
(123:36 / All) BEAR_AND: why don't you try one; it can be surprisingly fun
(124:18 / All) DIRTMCWORDUP: BOOM
(124:19 / All) DIRTMCWORDUP: HEADSHOT
(124:24 / All) DIRTMCWORDUP: THUNDER HAWK IS owning!!!1
(124:38 / All) BEAR_AND: its a treap
(124:54 / All) BEAR_AND: admirel ackbur said that heh
(125:10 / All) DIRTMCWORDUP: MY HAWK
(126:49 / All) DIRTMCWORDUP: YUGE yumnogous
(126:55 / All) bLinn: u guys were just on the receiving end of a YUGE ownage
(127:24 / All) DIRTMCWORDUP: rollin wit da pwnin
(127:58 / All) DIRTMCWORDUP: allakazham alalakwoosh i disapper
(128:27 / All) BEAR_AND: * i strike u down *
(128:36 / All) NikolaiPANTS: well, i can say the following:
(128:40 / All) DIRTMCWORDUP: A new challenger emerges .... *SPIRIT HAWK*
(128:41 / All) bLinn: IF U STRIKE ME DOWN I WILL BECOME MORE POWERFUL THAN U CAN EVER IMAGINE
(128:52 / All) BEAR_AND: * a small voice in ur head whisper: "we cannot win.......lets cheese it"
(129:15 / All) NikolaiPANTS: the fact that you have put so much time into this, and that you do this tactic every single time says a lot about you
(129:21 / All) BEAR_AND: what does it say
(129:23 / All) NikolaiPANTS: your goal is to be a dick
(129:23 / All) BEAR_AND: yes, go on!
(129:26 / All) bLinn: the fact that you haven't left when it's obvious you've lost so many times
(129:27 / All) NikolaiPANTS: in an online video game
(129:34 / All) bLinn: yes we could have told you that
(129:42 / All) NikolaiPANTS: so, your record may show that you've won this match
(129:43 / All) DIRTMCWORDUP: you guys are spending just as much time as us
(129:45 / All) NikolaiPANTS: but you didn't
(129:50 / All) NikolaiPANTS: and i think we all know that
(129:50 / All) DIRTMCWORDUP: only difference is that you are doing it for a loss
(129:51 / All) BEAR_AND: ????????????? lmao
(130:01 / All) DIRTMCWORDUP: cut ur losses.
(130:02 / All) bLinn: 2 bitches down
(130:03 / All) bLinn: 1 to go
(130:33 / All) BEAR_AND: "no my liege" - SPIRIT HAWK*\
(130:37 / All) BEAR_AND: 2008
(131:05 / All) pimpnlife2007: well question
(131:18 / All) pimpnlife2007: how many ppl have gotten this close
(131:24 / All) bLinn: people have gotten far closer
(131:25 / All) DIRTMCWORDUP: a yuge amount
(131:32 / All) bLinn: ur efforst have been pathetic and in vain
(132:33 / All) DIRTMCWORDUP: squee for me
(132:47 / All) pimpnlife2007: well you are going to be minamized
(132:58 / All) pimpnlife2007: i will check up on it in about 12 hours
(133:06 / All) bLinn: see you in 12 hours
(133:18 / All) pimpnlife2007: shit i got to work tommorw
(133:25 / All) bLinn: hope you realise how much energy you're wasting
(133:29 / All) BEAR_AND: MOOOOM im not done
(133:30 / All) bLinn: how many trees you're killing
(133:32 / All) pimpnlife2007: how about sunday
(133:38 / All) BEAR_AND: "GET OFF PIMEN LIFE i need to check email"
(133:43 / All) BEAR_AND: "MOOOOOOOOOOOOOOOOOoooOM"
(134:43 / All) DIRTMCWORDUP: bitches afeared?
(135:18 / All) DIRTMCWORDUP: xXShAdE_KiLlErXx
(135:41 / All) BEAR_AND: *gone in a Flaesh*
(135:59 / All) bLinn: 1 dead tree comin right up
(139:05 / All) BEAR_AND: noiminet ..,--:===; SPIRIT HAWK ;===:--,.. for king hawk